 Dungeon Crawl Stone Soup version 0.30-a0-726-gd89dcf765f (webtiles) character file.

Game seed: 15857015779103240005

25 Arximoufas the Trooper (level 2, -2/36 HPs)
             Began as a Demonspawn Fighter on Jan 29, 2023.
             Killed from afar by a white imp (6 damage)
             ... with a puff of frost
             ... on level 3 of the Dungeon.
             The game lasted 00:02:42 (1580 turns).

Arximoufas the Trooper (Demonspawn Fighter)         Turns: 1580, Time: 00:02:42

Health: -2/36      AC:  7    Str: 16    XL:     2   Next: 86%
Magic:  2/2        EV:  8    Int:  9    God:
Gold:   56         SH:  4    Dex: 12    Spells: 1/1 levels left

rFire   . . .      SeeInvis .    a - +0 war axe
rCold   . . .      Faith    .    c - +0 buckler
rNeg    . . .      Spirit   .    b - +0 scale mail
rPois   +          Reflect  .    (no helmet)
rElec   .          Harm     .    (no cloak)
rCorr   .          Rampage  .    o - +0 pair of gloves
Will    .....                    (no boots) Stlth
                                 (no amulet)
HPRegen 0.26/turn                g - ring of poison resistance
MPRegen 0.08/turn                (no ring)

@: berserking, very quick
A: powered by death 1
a: no special abilities


You were on level 3 of the Dungeon.
You visited 1 branch of the dungeon, and saw 3 of its levels.

You collected 56 gold pieces.

Inventory:

Hand Weapons
 a - a +0 war axe (weapon)
Armour
 b - a +0 scale mail (worn)
 c - a +0 buckler (worn)
 o - a +0 pair of gloves (worn)
Jewellery
 g - a ring of poison resistance (left hand)
Scrolls
 e - a scroll of fog {unknown}
 h - a scroll of enchant armour {unknown}
 i - a scroll of immolation {unknown}
 k - 3 scrolls of identify {unknown}
 m - a scroll of brand weapon {unknown}
 n - a scroll of vulnerability {unknown}
Potions
 d - 4 potions of might
 f - a potion of berserk rage
 j - 2 potions of lignification {unknown}
 l - a potion of ambrosia {unknown}


   Skills:
 + Level 3.2 Fighting
 * Level 2.5 Axes
 - Level 2.6 Armour
 + Level 3.0 Shields


You had one spell level left.
You didn't know any spells.
Your spell library contained the following spells:

 Spells                   Type           Power      Damage    Failure   Level
 Lesser Beckoning         Tloc           0%         N/A       96%         2
 Gell's Gravitas          Tloc           0%         N/A       99%         3
 Teleport Other           Tloc           0%         N/A       99%         3


Dungeon Overview and Level Annotations

Branches:
Dungeon (3/15)

Altars:
Ashenzari


Innate Abilities, Weirdness & Mutations

You regenerate a little health from kills.


Message History

Found a scroll labelled BUOTTOF DOETH.
The white imp shouts!
You block the bat's attack. The bat hits you but does no damage.
The white imp gestures at you. The puff of frost hits you!
The ball python bites you. The ball python misses you.
You hit the bat but do no damage. You hit the ball python.
You kill the ball python!
The bat barely misses you. The white imp gestures at you.
The puff of frost hits you. The bat hits you but does no damage.
You miss the bat. The bat hits you but does no damage.
The bat hits you but does no damage.
You see here a ball python corpse.
You block the bat's attack. The white imp gestures at you.
The puff of frost hits you!
* * * LOW HITPOINT WARNING * * *
You are too injured to fight recklessly!
You are too injured to fight recklessly!
You are too injured to fight recklessly!
It was a potion of berserk rage.
A red film seems to cover your vision as you go berserk!
You feel yourself moving faster!
You feel mighty! The bat barely misses you.
The white imp grinds its teeth.
You closely miss the bat. The bat hits you but does no damage.
You slash the white imp!
The white imp is almost dead.
The bat hits you but does no damage. The white imp gestures at you.
The puff of frost hits you!
* * * LOW HITPOINT WARNING * * *
You closely miss the white imp.
The white imp is almost dead.
You miss the bat. The bat closely misses you. The white imp gestures at you.
The puff of frost hits you.
You die...

........#...
......?....
#..........
#..........
#......... #......#
#.....b#
###########.†@...#
#............5...#
#................#
#...............##
#.......###.#...#
#.......# ..#...#
####....#...#....#
#....##.#...####...
#....#⌠.##+#..⌠#...


You could see a white imp and a bat.

Vanquished Creatures
  A dart slug (D:1)
  3 ball pythons
  6 endoplasms
  A giant cockroach (D:2)
  A goblin (D:2)
  2 hobgoblins
  2 bats
  2 frilled lizards (D:2)
  A kobold (D:2)
  3 rats
22 creatures vanquished.

Notes
Turn   | Place    | Note
-------+----------+-------------------------------------------
     0 | D:1      | Arximoufas the Demonspawn Fighter began the quest for the
                  | Orb.
     0 | D:1      | Reached XP level 1. HP: 18/18 MP: 1/1
   515 | D:1      | Gained mutation: You regenerate a little health from kills.
                  | [demonic ancestry]
   515 | D:1      | Reached XP level 2. HP: 16/24 MP: 2/2
  1055 | D:2      | Found a faded altar of an unknown god.
  1521 | D:3      | Found a broken altar of Ashenzari.
  1580 | D:3      | Killed from afar by a white imp

Illustrated notes

Levels and vault maps discovered:
D:1:      dpeg_arrival_castle, layout_loops_corners, moated_statue
D:2:      layout_loops_cross, ebering_ecumenical_altar_petrified,
          due_unseen_surprise
D:3:      layout_basic, evilmike_ruin_ashenzari, lemuel_doored_altar,
          okawaru_ov_weapons_minmay, uniq_sigmund

Skill      XL: |  1  2 |
---------------+-------+-----
Axes           | 2 |  2.5
Shields        | 3 |  3.0
Fighting       | |  3.2
Armour         | |  2.6

Action                     || total
---------------------------++-------
  Melee: War axe           ||    49
    Use: Potion            ||     1
 Armour: Scale mail        ||    24
  Dodge: Dodged            ||    11
  Block: Buckler           ||    10

Table legend: (Time is in decaauts)
 A = Elapsed time spent in this place.
 B = Non-inter-level travel time spent in this place.
 C = Inter-level travel time spent in this place.
 D = Time resting spent in this place.
 E = Time spent auto-exploring this place.
 F = Levels seen in this place.
 G = Mean time per level.
                   A        B        C        D        E       F      G
               +--------+--------+--------+--------+--------+-----+--------+
         Total |   1602 |   1549 |     53 |      0 |   1352 |   3 |  534.0 |
       Dungeon |   1602 |   1549 |     53 |      0 |   1352 |   3 |  534.0 |
               +--------+--------+--------+--------+--------+-----+--------+

Top non-repeatable levels by time:
     D:1: 938 daAuts
     D:2: 580 daAuts
     D:3: 83 daAuts
